 Dungeon Crawl Stone Soup version 0.30-a0-639-g3916f1956a (webtiles) character file.

Game seed: 14151660416052802291

167 bmack86 the Shield-Bearer (level 5, -14/47 HPs)
             Began as a Minotaur Fighter on Jan 16, 2023.
             Demolished by an ogre
             ... wielding a +0 giant club
              (17 damage)
             ... on level 3 of the Dungeon.
             The game lasted 00:04:04 (2080 turns).

bmack86 the Shield-Bearer (Minotaur Fighter)        Turns: 2080, Time: 00:04:05

Health: -14/47     AC:  9    Str: 23    XL:     5   Next: 23%
Magic:  13/13      EV:  6    Int:  5    God:
Gold:   119        SH: 10    Dex:  9    Spells: 4/4 levels left

rFire   . . .      SeeInvis .    a - +0 war axe
rCold   . . .      Faith    .    k - +2 kite shield
rNeg    . . .      Spirit   .    j - +0 chain mail
rPois   .          Reflect  .    (helmet restricted)
rElec   .          Harm     .    (no cloak)
rCorr   .          Rampage  .    (no gloves)
Will    .....                    (no boots) Stlth
                                 (no amulet)
HPRegen 0.27/turn                f - ring of magical power
MPRegen 0.13/turn                (no ring)

@: mighty
A: horns 2, retaliatory headbutt
a: no special abilities


You were on level 3 of the Dungeon.
You visited 1 branch of the dungeon, and saw 3 of its levels.

You collected 119 gold pieces.

Inventory:

Hand Weapons
 a - a +0 war axe (weapon)
Armour
 j - a +0 chain mail (worn)
 k - a +2 kite shield (worn)
Jewellery
 f - a ring of magical power (left hand)
Wands
 l - a wand of polymorph (8)
Scrolls
 c - a scroll of fear
Potions
 b - 3 potions of attraction
 d - a potion of might
 e - a potion of lignification {unknown}
 g - a potion of curing {unknown}
 h - a potion of mutation {unknown}


   Skills:
 + Level 4.5 Fighting
 * Level 4.5 Axes
 + Level 4.5 Armour
 + Level 4.5 Shields


You had 4 spell levels left.
You didn't know any spells.
Your spell library contained the following spells:

 Spells                   Type           Power      Damage    Failure   Level
 Beastly Appendage        Tmut           0%         N/A       100%        1
 Cigotuvi's Dreadful Rot  Necr/Pois/Air  0%         N/A       100%        2
 Poisonous Vapours        Pois/Air       0%         N/A       100%        2
 Wereblood                Tmut           0%         N/A       100%        2
 Gell's Gravitas          Tloc           0%         N/A       100%        3
 Mephitic Cloud           Conj/Pois/Air  0%         N/A       100%        3
 Spider Form              Tmut/Pois      0%         N/A       100%        3
 Teleport Other           Tloc           0%         N/A       100%        3
 Dispersal                Tloc           0%         N/A       100%        6


Dungeon Overview and Level Annotations

Branches:
Dungeon (3/15)

Altars:

Annotations:
D:2 1 runed translucent door, Crazy Yiuf


Innate Abilities, Weirdness & Mutations

You have a pair of horns on your head.
You reflexively headbutt those who attack you in melee.


Message History

You block the quokka's attack.
You miss the quokka. You block the quokka's attack.
The quokka barely misses you.
You closely miss the quokka. You headbutt the quokka.
You kill the quokka!
You see here a +3 dagger.
There is an open door here.
You see here a +0 whip.
Items here: ( )) [.
You open the door.
There is an open door here.
Found 6 stones.
There is an open door here.
Items here: )) ÷÷.
You open the door.
An orc warrior, a necrophage, a bat, an endoplasm and an ogre come into view.
The orc warrior shouts!
The endoplasm quivers.
The ogre shouts!
Found 15 gold pieces.
You feel very mighty all of a sudden. You block the bat's attack.
Found 26 gold pieces and a fizzy grey potion.
The endoplasm hits you but does no damage.
The ogre hits you with a +0 giant club! You block the bat's attack.
There is an open door, spattered with blood here.
You barely miss the ogre. Your headbutt misses the ogre.
You closely miss the bat. You slash the endoplasm!
You kill the endoplasm!
The bat hits you but does no damage. The bat barely misses you.
You furiously retaliate!
You headbutt the bat.
The ogre hits you with a +0 giant club!!
* * * LOW HITPOINT WARNING * * *
The orc warrior hits you from afar with a +0 glaive.
* * * LOW HITPOINT WARNING * * *
You slash the ogre!
The ogre is moderately wounded.
You slice the necrophage!! The bat closely misses you.
The bat hits you but does no damage. The ogre hits you with a +0 giant club!
You die...

##'#.....#....#####....##...##...
.....###...##'#$$!#'##......##.##
....##...###..#...#†.###....+..##
...###..##.#).#...#).# ##...###..
>..'.'..'.)#..#$..#..# +...+....
...###..##.#..#...#..# #...#...#
...# #...###[.#o..#.)# ..###.
...# #.....####nO.####..... ...#
#........##@##........ ...#
#...........b...... ...#
#............#..... ...#
#............# .... ...#
##................. ...#
#................. ...#
#................. ####
#################


You could see an orc warrior, an ogre, a necrophage and a bat.

Vanquished Creatures
  An orc priest (D:3)
  Terence (D:2)
  4 adders
  2 worms (D:2)
  6 orcs (D:3)
  3 ball pythons
  9 endoplasms
  2 giant cockroaches (D:2)
  7 goblins
  5 hobgoblins
  6 jackals
  3 kobolds
  2 quokkas
  3 bats
  3 frilled lizards
  3 rats (D:2)
60 creatures vanquished.

Notes
Turn   | Place    | Note
-------+----------+-------------------------------------------
     0 | D:1      | bmack86 the Minotaur Fighter began the quest for the Orb.
     0 | D:1      | Reached XP level 1. HP: 19/19 MP: 0/0
   194 | D:1      | Reached XP level 2. HP: 27/27 MP: 1/1
   909 | D:2      | Found a runed translucent door.
   910 | D:2      | Noticed Crazy Yiuf
   947 | D:2      | Reached XP level 3. HP: 33/33 MP: 2/2
   959 | D:2      | Noticed Terence
   966 | D:2      | Killed Terence
  1057 | D:2      | Reached XP level 4. HP: 40/40 MP: 3/3
  1796 | D:3      | Reached XP level 5. HP: 19/47 MP: 4/4
  2076 | D:3      | Noticed an orc warrior
  2076 | D:3      | Noticed an ogre
  2079 | D:3      | HP: 2/47 [orc warrior/+0 glaive (6)]
  2080 | D:3      | Demolished by an ogre

Illustrated notes

Levels and vault maps discovered:
D:1:      psy_arrival_conway, layout_basic
D:2:      layout_rooms, uniq_crazy_yiuf_cottage, uniq_terence
D:3:      layout_basic, nicolae_qazlal_general_emergency, gammafunk_ghost_smash,
          minmay_divided_ellipse

Skill      XL: |  1  2  3  4 |
---------------+-------------+-----
Axes           | 3 4 |  4.5
Fighting       | 4 |  4.5
Shields        | 4 |  4.5
Armour         | 4 |  4.5

Action                   |  1- 3 |  4- 6 || total
-------------------------+-------+-------++-------
Melee: War axe           |    49 |    66 ||   115
       Headbutt          |    10 |     5 ||    15
  Use: Scroll            |     2 |     4 ||     6
       Potion            |       |     1 ||     1
Armor: Scale mail        |    17 |       ||    17
       Chain mail        |     7 |    35 ||    42
Dodge: Dodged            |    21 |    26 ||    47
Block: Buckler           |     8 |       ||     8
       Kite shield       |       |    39 ||    39

Table legend: (Time is in decaauts)
 A = Elapsed time spent in this place.
 B = Non-inter-level travel time spent in this place.
 C = Inter-level travel time spent in this place.
 D = Time resting spent in this place.
 E = Time spent auto-exploring this place.
 F = Levels seen in this place.
 G = Mean time per level.
                   A        B        C        D        E       F      G
               +--------+--------+--------+--------+--------+-----+--------+
         Total |   2132 |   2055 |     77 |      0 |   1468 |   3 |  710.7 |
       Dungeon |   2132 |   2055 |     77 |      0 |   1468 |   3 |  710.7 |
               +--------+--------+--------+--------+--------+-----+--------+

Top non-repeatable levels by time:
     D:1: 864 daAuts
     D:2: 682 daAuts
     D:3: 585 daAuts
